[ AOE2 MATCH · #460223703 ]
UnrankedMagyars vs Japanese
Player's team · WIN
Rival team · LOSS
[ REPLAY ANALYSIS · EXTRACTED FROM THE RECORDED GAME ]
Feudal
10:10
Castle
19:37
Imperial
—
| APM avg | 43.1 |
| APM peak | 79 |
| eAPM avg | 22.6 |
| Villagers / military | 84 / 40 |
Focus
⚔️ 28.9% · 🌾 71.1%
Knight ×35 · Fishing Ship ×28 · Unknown (2626) ×7 · Scout Cavalry ×5
Feudal
10:25
Castle
18:25
Imperial
—
| APM avg | 36.2 |
| APM peak | 91 |
| eAPM avg | 15.9 |
| Villagers / military | 55 / 33 |
Focus
⚔️ 37.3% · 🌾 62.7%
Spearman ×16 · Galley ×9 · Fishing Ship ×7 · Fire Galley ×5 · Unknown (2626) ×3 · Scout Cavalry ×2
Match map
Initial resources + every placement click. Lines = walls · curves = elevation contours. ◆ gold · ⬟ stone · ● berries · ✦ relic · ◌ wall gap
Your base· Open — unwalled flank
Trif's base· Open — unwalled flank
Smoothed initial terrain · ◌ = detected wall gap · hover for details
Inputs per minute
— ITA | Carma - - Trif
Build order — ITA | Carma
First 150 of 230 actions detected
| 0:00 | Create | Villager (Male) |
| 0:01 | Create | Villager (Male) |
| 0:01 | Create | Villager (Male) |
| 0:01 | Create | Villager (Male) |
| 0:02 | Build | House |
| 0:04 | Build | House |
| 1:24 | Create | Villager (Male) |
| 1:52 | Build | Lumber Camp |
| 1:58 | Create | Villager (Male) |
| 1:58 | Create | Villager (Male) |
| 2:24 | Create | Villager (Male) |
| 2:25 | Create | Villager (Male) |
| 2:46 | Create | Villager (Male) |
| 3:01 | Create | Villager (Male) |
| 3:01 | Create | Villager (Male) |
| 3:26 | Build | House |
| 3:33 | Create | Villager (Male) |
| 3:53 | Create | Villager (Male) |
| 4:19 | Build | Dock |
| 4:24 | Create | Villager (Male) |
| 4:24 | Create | Villager (Male) |
| 4:53 | Create | Villager (Male) |
| 4:53 | Create | Villager (Male) |
| 4:58 | Create | Fishing Ship |
| 5:23 | Build | House |
| 5:30 | Create | Villager (Male) |
| 5:45 | Create | Fishing Ship |
| 5:53 | Research | Loom |
| 5:57 | Create | Villager (Male) |
| 6:24 | Create | Fishing Ship |
| 6:38 | Build | House |
| 6:41 | Create | Villager (Male) |
| 7:01 | Create | Villager (Male) |
| 7:14 | Create | Fishing Ship |
| 7:35 | Create | Villager (Male) |
| 7:53 | Research | Feudal Age |
| 8:36 | Build | Palisade Wall |
| 8:40 | Build | Palisade Wall |
| 8:42 | Build | Palisade Wall |
| 9:18 | Create | Villager (Male) |
| 9:21 | Build | Barracks |
| 9:30 | Build | Dock |
| 10:06 | Build | House |
| 10:10 | Age | Feudal Age |
| 10:13 | Research | Double-Bit Axe |
| 10:16 | Build | Stable |
| 10:25 | Create | Villager (Male) |
| 10:31 | Build | Stable |
| 10:44 | Build | House |
| 10:54 | Create | Villager (Male) |
| 10:58 | Create | Scout Cavalry |
| 11:05 | Create | Fishing Ship |
| 11:14 | Create | Fishing Ship |
| 11:14 | Create | Scout Cavalry |
| 11:21 | Create | Scout Cavalry |
| 11:23 | Create | Fishing Ship |
| 11:24 | Create | Villager (Male) |
| 11:34 | Build | House |
| 11:48 | Create | Villager (Male) |
| 11:49 | Create | Fishing Ship |
| 11:57 | Create | Fishing Ship |
| 11:59 | Create | Scout Cavalry |
| 12:04 | Build | House |
| 12:10 | Create | Villager (Male) |
| 12:10 | Create | Fishing Ship |
| 12:36 | Build | Dock |
| 12:45 | Create | Villager (Male) |
| 12:46 | Create | Fishing Ship |
| 12:49 | Build | House |
| 12:54 | Create | Scout Cavalry |
| 12:59 | Build | Mining Camp |
| 13:11 | Create | Villager (Male) |
| 13:26 | Build | Dock |
| 13:31 | Create | Fishing Ship |
| 13:40 | Create | Villager (Male) |
| 13:41 | Create | Fishing Ship |
| 13:58 | Create | Villager (Male) |
| 13:59 | Build | House |
| 14:04 | Create | Fishing Ship |
| 14:04 | Create | Fishing Ship |
| 14:05 | Create | Fishing Ship |
| 14:12 | Build | House |
| 14:24 | Create | Villager (Male) |
| 14:25 | Create | Fishing Ship |
| 14:25 | Create | Fishing Ship |
| 14:40 | Build | Lumber Camp |
| 14:53 | Create | Fishing Ship |
| 14:53 | Create | Fishing Ship |
| 14:59 | Create | Villager (Male) |
| 15:15 | Create | Fishing Ship |
| 15:15 | Create | Fishing Ship |
| 15:20 | Create | Villager (Male) |
| 15:27 | Build | Lumber Camp |
| 15:32 | Create | Fishing Ship |
| 15:45 | Create | Fishing Ship |
| 15:52 | Create | Villager (Male) |
| 16:04 | Create | Fishing Ship |
| 16:15 | Create | Fishing Ship |
| 16:15 | Create | Fishing Ship |
| 16:31 | Create | Villager (Male) |
| 16:33 | Build | Blacksmith |
| 16:42 | Create | Villager (Male) |
| 16:51 | Build | Dock |
| 16:58 | Research | Castle Age |
| 16:58 | Research | Castle Age |
| 17:01 | Research | Gold Mining |
| 17:01 | Research | Gold Mining |
| 17:05 | Build | House |
| 17:21 | Research | Scale Barding Armor |
| 17:22 | Research | Scale Barding Armor |
| 17:31 | Build | Stable |
| 17:41 | Create | Unit 2626 |
| 17:45 | Build | House |
| 17:49 | Create | Unit 2626 |
| 18:05 | Research | Bloodlines |
| 18:08 | Create | Villager (Male) |
| 18:13 | Build | Mining Camp |
| 18:21 | Build | House |
| 18:24 | Create | Unit 2626 |
| 18:47 | Create | Unit 2626 |
| 18:47 | Create | Unit 2626 |
| 19:01 | Build | Dock |
| 19:31 | Research | Tech 906 |
| 19:37 | Age | Castle Age |
| 19:40 | Research | War Galley (upgrade) |
| 19:40 | Research | War Galley (upgrade) |
| 19:40 | Research | War Galley (upgrade) |
| 19:42 | Research | Bow Saw |
| 19:44 | Create | Knight |
| 19:45 | Create | Knight |
| 19:47 | Create | Villager (Male) |
| 19:52 | Create | Unit 2626 |
| 19:54 | Create | Villager (Male) |
| 20:00 | Research | Husbandry |
| 20:05 | Create | Knight |
| 20:11 | Build | Palisade Wall |
| 20:13 | Build | Palisade Wall |
| 20:15 | Build | Palisade Wall |
| 20:17 | Build | Palisade Wall |
| 20:22 | Create | Knight |
| 20:24 | Create | Villager (Male) |
| 20:29 | Build | Town Center |
| 20:37 | Create | Knight |
| 20:37 | Create | Knight |
| 20:39 | Create | Villager (Male) |
| 20:48 | Create | Fishing Ship |
| 20:53 | Create | Knight |
| 20:53 | Create | Knight |
| 20:54 | Create | Villager (Male) |
| 20:57 | Build | House |
Build order — Trif
First 150 of 170 actions detected
| 0:01 | Create | Villager (Male) |
| 0:01 | Create | Villager (Male) |
| 0:02 | Build | House |
| 0:04 | Build | House |
| 0:10 | Create | Villager (Male) |
| 0:11 | Create | Villager (Male) |
| 0:11 | Create | Villager (Male) |
| 1:25 | Create | Villager (Male) |
| 2:10 | Create | Villager (Male) |
| 2:15 | Build | Lumber Camp |
| 2:35 | Create | Villager (Male) |
| 3:06 | Create | Villager (Male) |
| 3:06 | Create | Villager (Male) |
| 3:42 | Build | House |
| 4:01 | Create | Villager (Male) |
| 4:01 | Create | Villager (Male) |
| 4:15 | Build | Dock |
| 4:52 | Create | Villager (Male) |
| 4:58 | Build | Palisade Wall |
| 4:59 | Build | Palisade Wall |
| 5:03 | Create | Fishing Ship |
| 5:44 | Create | Villager (Male) |
| 5:44 | Create | Villager (Male) |
| 5:44 | Create | Villager (Male) |
| 5:48 | Create | Fishing Ship |
| 5:51 | Build | House |
| 5:53 | Build | House |
| 6:24 | Build | House |
| 6:48 | Create | Fishing Ship |
| 7:00 | Create | Villager (Male) |
| 7:01 | Create | Villager (Male) |
| 7:02 | Research | Loom |
| 7:29 | Build | Mill |
| 7:47 | Create | Fishing Ship |
| 8:12 | Research | Feudal Age |
| 8:21 | Build | Barracks |
| 8:34 | Create | Villager (Male) |
| 9:08 | Create | Villager (Male) |
| 9:16 | Build | Dock |
| 9:43 | Build | Mining Camp |
| 9:56 | Create | Villager (Male) |
| 10:22 | Build | Palisade Wall |
| 10:23 | Build | Palisade Wall |
| 10:24 | Create | Fishing Ship |
| 10:25 | Age | Feudal Age |
| 10:32 | Create | Spearman |
| 10:35 | Research | Double-Bit Axe |
| 10:35 | Research | Double-Bit Axe |
| 10:42 | Create | Galley |
| 11:02 | Create | Villager (Male) |
| 11:03 | Create | Villager (Male) |
| 11:07 | Create | Spearman |
| 11:28 | Create | Fishing Ship |
| 11:37 | Create | Spearman |
| 11:42 | Create | Villager (Male) |
| 12:11 | Build | Stable |
| 12:13 | Build | Palisade Wall |
| 12:25 | Create | Villager (Male) |
| 12:31 | Build | Palisade Wall |
| 12:32 | Build | Palisade Wall |
| 12:35 | Build | House |
| 12:37 | Build | Palisade Wall |
| 12:42 | Create | Villager (Male) |
| 12:45 | Research | Wheelbarrow |
| 12:46 | Create | Spearman |
| 13:11 | Create | Spearman |
| 13:23 | Create | Villager (Male) |
| 13:26 | Research | Horse Collar |
| 13:32 | Build | Farm |
| 13:35 | Create | Fishing Ship |
| 13:47 | Build | Palisade Wall |
| 13:48 | Build | House |
| 13:54 | Build | House |
| 14:04 | Build | Farm |
| 14:15 | Build | Palisade Wall |
| 14:17 | Build | Palisade Wall |
| 14:31 | Build | Farm |
| 14:34 | Create | Villager (Male) |
| 14:38 | Create | Villager (Male) |
| 14:49 | Build | Blacksmith |
| 14:54 | Build | House |
| 15:14 | Create | Spearman |
| 15:15 | Create | Spearman |
| 15:17 | Build | Farm |
| 15:20 | Create | Villager (Male) |
| 15:37 | Research | Castle Age |
| 16:12 | Create | Villager (Male) |
| 16:21 | Build | Lumber Camp |
| 16:34 | Create | Galley |
| 16:50 | Create | Scout Cavalry |
| 16:54 | Research | Forging |
| 17:06 | Create | Spearman |
| 17:06 | Create | Spearman |
| 17:21 | Build | Lumber Camp |
| 17:28 | Research | Gold Mining |
| 17:35 | Create | Scout Cavalry |
| 17:58 | Build | Dock |
| 18:08 | Create | Fire Galley |
| 18:10 | Create | Villager (Male) |
| 18:22 | Build | House |
| 18:23 | Build | Palisade Wall |
| 18:25 | Age | Castle Age |
| 18:28 | Create | Knight |
| 18:33 | Research | War Galley (upgrade) |
| 18:40 | Create | Fire Galley |
| 19:12 | Create | Villager (Male) |
| 19:12 | Create | Villager (Male) |
| 19:18 | Build | Town Center |
| 19:24 | Build | Town Center |
| 19:29 | Research | Heavy Plow |
| 19:35 | Create | Villager (Male) |
| 19:35 | Create | Villager (Male) |
| 19:42 | Create | Fire Galley |
| 19:42 | Create | Fire Galley |
| 19:51 | Create | Villager (Male) |
| 19:59 | Build | House |
| 20:49 | Build | Dock |
| 21:00 | Create | Unit 2626 ×3 |
| 21:34 | Build | Market |
| 21:47 | Build | Palisade Wall |
| 21:51 | Build | Palisade Wall |
| 21:55 | Create | Villager (Male) |
| 21:55 | Create | Villager (Male) |
| 21:57 | Create | Villager (Male) |
| 22:01 | Create | Villager (Male) |
| 22:02 | Create | Villager (Male) |
| 22:25 | Build | Farm |
| 22:28 | Research | Pikeman (upgrade) |
| 22:57 | Create | Fire Galley |
| 23:12 | Create | Galley |
| 23:14 | Build | Dock |
| 23:16 | Research | Fletching |
| 23:19 | Create | Villager (Male) |
| 23:19 | Create | Villager (Male) |
| 23:24 | Build | University |
| 23:27 | Build | Farm |
| 23:27 | Build | Farm |
| 23:28 | Build | Farm |
| 23:28 | Build | Farm |
| 23:37 | Build | Mining Camp |
| 23:43 | Research | Bow Saw |
| 23:46 | Create | Villager (Male) |
| 23:46 | Create | Villager (Male) |
| 23:46 | Create | Villager (Male) |
| 23:59 | Create | Spearman |
| 23:59 | Create | Spearman |
| 23:59 | Create | Spearman |
| 24:09 | Create | Galley |
| 24:23 | Build | Dock |
| 24:27 | Create | Galley |
Match timeline
| 4:15 | Trif · first_building Dock |
| 4:19 | ITA | Carma · first_building Dock |
| 4:58 | Trif · wall_segment Palisade Wall x1 |
| 4:59 | Trif · wall_segment Palisade Wall x1 |
| 8:21 | Trif · first_building Barracks |
| 8:36 | ITA | Carma · wall_segment Palisade Wall x1 |
| 8:40 | ITA | Carma · wall_segment Palisade Wall x1 |
| 8:42 | ITA | Carma · wall_segment Palisade Wall x1 |
| 9:21 | ITA | Carma · first_building Barracks |
| 10:10 | ITA | Carma · age_up feudal |
| 10:16 | ITA | Carma · first_building Stable |
| 10:22 | Trif · wall_segment Palisade Wall x1 |
| 10:23 | Trif · wall_segment Palisade Wall x1 |
| 10:25 | Trif · age_up feudal |
| 12:11 | Trif · first_building Stable |
| 12:13 | Trif · wall_segment Palisade Wall x1 |
| 12:31 | Trif · wall_segment Palisade Wall x1 |
| 12:32 | Trif · wall_segment Palisade Wall x1 |
| 12:37 | Trif · wall_segment Palisade Wall x1 |
| 13:47 | Trif · wall_segment Palisade Wall x1 |
| 14:15 | Trif · wall_segment Palisade Wall x1 |
| 14:17 | Trif · wall_segment Palisade Wall x1 |
| 18:23 | Trif · wall_segment Palisade Wall x1 |
| 18:25 | Trif · age_up castle |
| 19:37 | ITA | Carma · age_up castle |
| 20:11 | ITA | Carma · wall_segment Palisade Wall x1 |
| 20:13 | ITA | Carma · wall_segment Palisade Wall x1 |
| 20:15 | ITA | Carma · wall_segment Palisade Wall x1 |
| 20:17 | ITA | Carma · wall_segment Palisade Wall x1 |
| 21:47 | Trif · wall_segment Palisade Wall x1 |
| 21:51 | Trif · wall_segment Palisade Wall x1 |
| 23:11 | Trif · first_market_sell 100 food |
| 24:51 | ITA | Carma · first_building Castle |
| 27:32 | Trif · resign |
[ AI ANALYSIS · 1 CREDIT ]
What really happened in this match?
Wolo.gg analyzes every decision: build order, eco, micro, common mistakes by bracket. Personalized analysis on WhatsApp or Discord in 30 seconds.
Civ guide
Magyars
Perfil
Jugador #2249079